Map: [ESL] Hard Lead

Players

Reynor

  • Race: Zerg Zerg
  • Spawn Location: 5:00

herO - Winner!

  • Race: Protoss Protoss
  • Spawn Location: 11:00

Event: IEM Katowice 2024

VOD

Have the link to the VOD?

Description

Time

  • Played on: Feb. 9, 2024, 9:59 a.m.
  • Length: 13:12

All games in this series

Show
View Real Time Build Order
Export as new Build Order

Reynor Zerg 

Build Orders: Hatch First 

Get SALT Encoding   

  12  0:00  Drone  
  13  0:12  Overlord  
  13  0:17  Drone  
  14  0:30  Drone x2  
  16  0:40  Drone  
  17  0:51  Hatchery  
  17  0:54  Drone  
  17  0:58  Drone  
  18  1:09  Extractor  
  17  1:13  Spawning Pool  
  17  1:16  Drone  
  17  1:20  Drone  
  18  1:27  Drone  
  19  1:38  Drone  
  20  1:49  Overlord  
  20  2:00  Queen  
  22  2:05  Drone x2, Queen  
  26  2:10  Zergling x2  
  26  2:13  Metabolic Boost  
  27  2:17  Drone  
  27  2:21  Drone  
  29  2:25  Drone  
  30  2:32  Drone  
  31  2:41  Drone  
  31  2:42  Hatchery  
  31  2:44  Zergling x2  
  31  2:48  Overlord  
  32  2:54  Queen  
  32  2:58  Drone x2  
  35  3:04  Overlord  
  36  3:07  Drone  
  36  3:09  Drone x2  
  36  3:12  Drone  
  40  3:13  Drone  
  40  3:16  Drone  
  40  3:18  Overlord  
  42  3:22  Drone x2  
  44  3:27  Queen  
  44  3:32  Drone  
  44  3:33  Overlord  
  47  3:38  Queen  
  49  3:43  Overlord  
  49  3:46  Drone  
  49  3:48  Spore Crawler  
  49  3:52  Evolution Chamber  
  49  3:54  Drone  
  49  4:00  Spore Crawler, Queen  
  49  4:02  Drone x2  
  52  4:04  Zergling x2  
  52  4:05  Zergling x2  
  52  4:06  Zergling x2  
  55  4:10  Zergling x4  
  55  4:11  Drone  
  55  4:14  Drone x2  
  60  4:18  Zerg Melee Weapons Level 1  
  60  4:20  Overlord  
  60  4:24  Drone x2  
  62  4:26  Spore Crawler  
  62  4:28  Drone  
  62  4:29  Drone  
  62  4:32  Drone x2  
  62  4:34  Drone  
  62  4:37  Overlord  
  66  4:38  Drone  
  66  4:39  Drone  
  66  4:41  Drone  
  66  4:45  Drone x3  
  71  4:54  Zergling x4  
  71  4:55  Zergling x2, Overlord  
  71  4:57  Drone  
  75  5:02  Baneling Nest  
  73  5:10  Hatchery  
  73  5:11  Zergling x8  
  73  5:12  Drone  
  73  5:13  Drone  
  76  5:14  Overlord  
  76  5:17  Zergling x6  
  76  5:21  Drone, Lair  
  79  5:24  Overlord  
  79  5:25  Drone  
  79  5:27  Drone x2  
  82  5:32  Zergling x2  
  82  5:35  Zergling x8  
  87  5:36  Overlord  
  87  5:43  Queen  
  87  5:45  Baneling x3  
  87  5:46  Drone x2  
  91  5:51  Drone  
  91  5:52  Queen  
  91  5:53  Extractor, Overlord  
  91  5:55  Drone x3  
  91  5:56  Spore Crawler  
  95  5:58  Drone x3  
  95  6:01  Overlord  
  98  6:04  Drone  
  98  6:05  Drone x3  
  98  6:08  Roach Warren  
  98  6:10  Extractor x2  
  99  6:13  Drone x3  
  101  6:22  Zergling x8  
  101  6:24  Zergling x4  
  101  6:25  Baneling x4  
  103  6:28  Drone x4  
  103  6:29  Drone x2  
  103  6:30  Extractor  
  103  6:31  Overlord  
  108  6:36  Drone x4  
  110  6:41  Queen  
  110  6:42  Overlord  
  110  6:45  Zergling x6  
  111  6:47  Zerg Melee Weapons Level 2  
  111  6:52  Zergling x2  
  112  6:55  Zergling x10  
  112  7:00  Zergling x14  
  123  7:02  Extractor, Spore Crawler  
  123  7:04  Infestation Pit, Drone, Queen  
  123  7:08  Zergling x4  
  125  7:10  Zergling x2  
  126  7:16  Drone, Glial Reconstitution  
  126  7:22  Roach x3  
  133  7:25  Roach x5  
  133  7:27  Drone x3  
  133  7:29  Zergling x4, Roach x3, Evolution Chamber  
  152  7:33  Drone x2  
  154  7:38  Roach  
  154  7:39  Overlord  
  154  7:44  Hatchery  
  154  7:47  Roach x2  
  154  7:48  Hive  
  154  7:49  Drone  
  154  7:51  Centrifugal Hooks  
  158  7:54  Zergling x2  
  158  7:55  Spine Crawler  
  158  7:56  Overlord  
  158  7:57  Overlord  
  158  7:58  Overseer  
  158  8:01  Zergling x12  
  164  8:09  Zerg Ground Armor Level 1  
  164  8:10  Drone  
  164  8:13  Zergling x6  
  164  8:14  Zergling x2  
  164  8:15  Zergling x8  
  164  8:19  Overlord  
  169  8:20  Zergling x4  
  169  8:22  Zergling x6  
  169  8:23  Zergling x2  
  175  8:28  Zergling x8  
  178  8:35  Zergling x4, Ravager x3  
  178  8:39  Zergling x4  
  178  8:41  Zergling x6  
  187  8:45  Baneling x6  
  187  8:46  Zergling x4  
  186  8:51  Zergling x2, Overlord  
  186  8:52  Zergling x10  
  189  8:57  Zergling x6  
  189  8:58  Zergling x2  
  189  8:59  Baneling x11  
  189  9:00  Baneling x6  
  191  9:08  Zergling x2  
  191  9:09  Zergling x8, Viper  
  182  9:11  Zergling x4  
  182  9:15  Extractor  
  182  9:16  Baneling  
  178  9:20  Zergling x18  
  187  9:24  Ultralisk Cavern  
  187  9:26  Zergling x2  
  187  9:27  Zergling x8  
  187  9:30  Roach x2  
  177  9:37  Zergling x2  
  150  9:39  Zergling x6  
  150  9:43  Infestor, Drone, Roach  
  150  9:44  Roach  
  135  9:46  Queen x2  
  135  9:47  Zergling x2, Roach x2  
  135  9:51  Roach x2  
  126  9:53  Zergling x4, Roach x2  
  126  9:55  Zergling x2, Roach x2  
  126  9:57  Roach  
  137  10:02  Roach x2  
  137  10:06  Zergling x6  
  144  10:10  Roach x3  
  145  10:18  Baneling x9  
  145  10:19  Ravager  
  145  10:20  Drone x5  
  150  10:23  Zergling x8  
  150  10:26  Zergling x6  
  157  10:35  Zergling x10  
  160  10:37  Roach x4  
  157  10:46  Chitinous Plating  
  157  10:49  Zergling x20  
  167  10:52  Adrenal Glands  
  167  10:55  Ravager  
  167  10:56  Drone  
  167  10:57  Drone x4  
  172  11:00  Zergling x8  
  168  11:12  Drone x2  
  168  11:16  Zergling x20  
  183  11:25  Ultralisk  
  183  11:28  Zergling x10  
  183  11:29  Extractor  
  187  11:39  Overlord x2, Hatchery  
  185  11:53  Overlord  
  182  11:56  Ultralisk  
  182  11:59  Ultralisk  
  184  12:01  Baneling x7  
  184  12:02  Infestor, Baneling x2  
  184  12:04  Zergling x8  
  187  12:11  Zergling x12  
  187  12:12  Zergling x2  
  194  12:19  Ultralisk  
  200  12:33  Zergling x8  
  200  12:36  Spire  
  199  12:40  Spore Crawler x2  
  188  12:53  Zergling x38  
Show
View Real Time Build Order
Export as new Build Order

herO Protoss - Winner!

Build Orders: 1 Gate Expand, Oracle Opening, Archon Immortal 

Get SALT Encoding   

  12  0:00  Probe  
  13  0:12  Probe  
  14  0:19  Pylon  
  14  0:24  Probe  
  15  0:37  Probe (Chrono Boost)  
  15  0:41  Gateway  
  16  0:47  Probe (Chrono Boost)  
  17  0:50  Assimilator  
  17  0:52  Probe (Chrono Boost)  
  18  1:03  Probe  
  19  1:15  Probe  
  20  1:26  Nexus  
  20  1:36  Cybernetics Core  
  20  1:38  Probe  
  21  1:44  Assimilator  
  21  1:51  Probe  
  22  1:55  Pylon  
  22  2:03  Probe  
  23  2:13  Stalker  
  23  2:15  Probe (Chrono Boost)  
  26  2:21  Stargate  
  26  2:24  Probe (Chrono Boost)  
  27  2:30  Probe (Chrono Boost), Warp Gate  
  28  2:38  Probe (Chrono Boost)  
  28  2:43  Adept  
  32  2:47  Probe (Chrono Boost)  
  32  2:48  Probe (Chrono Boost)  
  33  2:53  Probe x2 (Chrono Boost)  
  35  3:02  Oracle (Chrono Boost)  
  35  3:05  Probe x2  
  39  3:10  Pylon  
  40  3:15  Gateway  
  40  3:17  Probe x2  
  42  3:29  Oracle (Chrono Boost), Probe  
  42  3:30  Probe  
  47  3:45  Nexus  
  47  3:50  Probe x2, Pylon  
  49  3:58  Oracle (Chrono Boost)  
  49  4:00  Assimilator  
  49  4:01  Assimilator  
  52  4:03  Probe x2  
  52  4:08  Pylon  
  54  4:15  Forge  
  54  4:17  Probe  
  54  4:18  Probe  
  54  4:23  Twilight Council, Protoss Ground Weapons Level 1  
  56  4:30  Probe  
  56  4:31  Probe  
  58  4:42  Gateway, Probe  
  58  4:43  Gateway, Probe  
  60  4:51  Blink (Chrono Boost)  
  60  4:55  Probe x2  
  62  5:00  Probe  
  62  5:02  Adept  
  62  5:03  Adept  
  62  5:07  Probe x2  
  68  5:12  Probe  
  68  5:19  Probe x2  
  68  5:21  Gateway  
  70  5:24  Probe  
  70  5:25  Adept x2  
  70  5:27  Gateway  
  75  5:29  Gateway  
  75  5:34  Gateway  
  75  5:35  Pylon  
  75  5:36  Probe  
  75  5:37  Probe x2  
  78  5:43  Robotics Facility  
  78  5:46  Assimilator  
  78  5:48  Assimilator, Probe  
  78  5:49  Probe x2  
  81  5:57  Stalker x3  
  81  6:00  Pylon  
  87  6:05  Probe x3  
  87  6:11  Pylon  
  90  6:12  Protoss Ground Weapons Level 2 (Chrono Boost), Pylon  
  90  6:24  Probe x2  
  90  6:25  Probe  
  89  6:26  Templar Archives  
  89  6:31  Stalker x3, Shield Battery, Charge  
  89  6:32  Pylon  
  95  6:34  Warp Prism (Chrono Boost)  
  97  6:47  Stalker x3  
  97  6:49  Stalker  
  105  6:56  Pylon  
  105  6:58  Photon Cannon  
  105  6:59  Shield Battery  
  105  7:00  Stalker  
  107  7:03  Observer (Chrono Boost)  
  107  7:06  Psionic Storm  
  108  7:18  Zealot x4, Pylon  
  108  7:21  High Templar x2  
  108  7:22  Immortal (Chrono Boost)  
  124  7:32  Nexus  
  124  7:36  Pylon  
  124  7:38  Shield Battery  
  124  7:42  Probe x3  
  127  7:44  Photon Cannon  
  127  7:49  High Templar x2  
  131  7:52  Pylon x2  
  131  7:54  High Templar  
  131  7:55  Gateway  
  131  7:56  Gateway  
  133  7:59  Photon Cannon  
  133  8:00  Protoss Ground Weapons Level 3 (Chrono Boost)  
  133  8:02  Immortal (Chrono Boost)  
  137  8:07  High Templar  
  139  8:16  Zealot x4  
  141  8:25  Probe x3  
  141  8:26  Assimilator  
  144  8:28  Pylon  
  144  8:29  Assimilator  
  144  8:38  Immortal (Chrono Boost)  
  148  8:43  High Templar  
  148  8:44  High Templar, Zealot x4  
  156  8:49  Archon  
  156  8:51  Zealot x2  
  156  8:53  Zealot x2  
  162  8:58  Probe x4  
  152  9:12  Immortal  
  152  9:13  Protoss Air Weapons Level 1 (Chrono Boost)  
  154  9:24  Zealot x9  
  172  9:29  Zealot  
  154  9:39  Archon x2  
  154  9:44  Zealot x6  
  144  9:51  Immortal  
  128  9:54  Zealot x2  
  128  9:59  Probe x2  
  129  10:00  Probe x2  
  129  10:04  High Templar x3  
  129  10:05  High Templar x5  
  146  10:11  Archon x3  
  146  10:12  Archon  
  142  10:15  Fleet Beacon  
  142  10:16  Stargate  
  138  10:21  Zealot x2  
  138  10:22  Pylon  
  141  10:30  Probe x4  
  143  10:37  Protoss Ground Armor Level 1  
  143  10:42  Immortal  
  137  10:45  High Templar x3, Zealot  
  137  10:46  Zealot x6  
  157  10:51  Archon  
  157  10:53  Nexus, Archon  
  157  10:54  Shield Battery  
  157  11:02  Carrier (Chrono Boost)  
  157  11:04  Carrier (Chrono Boost)  
  155  11:12  Photon Cannon  
  155  11:15  Photon Cannon  
  155  11:17  Pylon  
  155  11:20  Photon Cannon  
  155  11:26  High Templar  
  155  11:27  High Templar, Zealot x5  
  169  11:36  Probe  
  169  11:37  Probe x3  
  169  11:38  Assimilator  
  161  11:40  High Templar  
  161  11:41  High Templar, Zealot  
  161  11:43  Assimilator  
  167  11:47  Photon Cannon  
  167  11:48  Carrier (Chrono Boost)  
  173  11:59  Carrier (Chrono Boost)  
  159  12:06  Zealot  
  159  12:07  Zealot x5  
  177  12:25  High Templar x2, Pylon  
  177  12:26  Zealot x2  
  177  12:28  Zealot x3  
  177  12:29  Zealot, Archon  
  193  12:44  Pylon  
  193  12:46  Archon  
  195  12:57  Archon  
  178  13:00  Zealot x6  
  178  13:01  Zealot x4  

Tags
 
Add a new tag
Caveats
  • Supply blocks, unpowered buildings, or Contaminate may cause inaccurate times.
  • Supply counts are checked every 10 seconds.